 Dungeon Crawl Stone Soup version 0.17.0-28-g6e173f8 (webtiles) character file.

137153 PossumBlood the Severer (level 16, -3/154 HPs)
             Began as a Minotaur Fighter on Nov 26, 2015.
             Was a High Priest of Okawaru.
             Slain by a spectral giant leech (15 damage)
             ... called from beyond by a ghost crab
             ... on level 4 of the Swamp on Nov 27, 2015.
             The game lasted 02:38:07 (33131 turns).

PossumBlood the Severer (Minotaur Fighter)         Turns: 33131, Time: 02:38:09

Health: -3/154     AC: 44    Str: 27    XL:     16   Next: 68%
Magic:  13/15      EV: 13    Int: 11    God:    Okawaru [*****.]
Gold:   1840       SH: 23    Dex: 10    Spells: 3 memorised, 7 levels left

rFire  . . .     SeeInvis +     c - +7 broad axe of the Sky {pain, +Rage Dex+3}
rCold  . . .     Clarity  .     k - +11 plate armour "Wuocil" {rElec rPois Dex-4 SInv}
rNeg   + + .     SustAt   .     X - +0 large shield
rPois  +         Gourm    .     (helmet restricted)
rElec  +         Spirit   .     z - +2 cloak {MR+}
rCorr  +         Warding  .     A - +1 pair of gloves {archery}
rMut   .         Stasis   .     K - +2 pair of boots
MR     ++...                    j - amulet of resist corrosion
Stlth  ..........               h - ring "Naygoan" {rF- rN++ AC+4 Int+4 SInv}
                                S - ring of protection from fire

@: heroism, very resistant to hostile enchantments, extremely unstealthy
A: retaliatory headbutt, horns 2, clever 1, spit poison 2
a: Spit Poison, Heroism, Finesse, Renounce Religion, Evoke Berserk Rage


You were on level 4 of the Swamp.
You worshipped Okawaru.
Okawaru was extremely pleased with you.
You were not hungry.

You visited 5 branches of the dungeon, and saw 32 of its levels.
You also visited: Sewer.

You collected 3404 gold pieces.
You spent 1564 gold pieces at shops.

Inventory:

Hand Weapons
 c - the +7 broad axe of the Sky (weapon) {pain, +Rage Dex+3}
   (Okawaru gifted it to you on level 12 of the Dungeon)

   In the hands of one skilled in necromantic magic, it inflicts extra damage on
   living creatures.
   It affects your dexterity (+3).
   It lets you go berserk.
 w - a +9 broad axe of venom
 J - the +7 Sceptre of Torment
   (You found it on level 7 of the Dungeon)
 L - a +1 battleaxe of electrocution
 O - a +2 triple sword of holy wrath
 Z - a +2 trident of flaming
Armour
 k - the +11 plate armour "Wuocil" (worn) {rElec rPois Dex-4 SInv}
   (You bought it in a shop on level 14 of the Dungeon)

   It affects your dexterity (-4).
   It insulates you from electricity.
   It protects you from poison.
   It lets you see invisible.
 z - a +2 cloak of magic resistance (worn)
 A - a +1 pair of gloves of archery (worn)
 B - a +2 cloak of poison resistance
 K - a +2 pair of boots (worn)
 N - a +0 shield of reflection
 X - a +0 large shield (worn)
Jewellery
 h - the ring "Naygoan" (right hand) {rF- rN++ AC+4 Int+4 SInv}
   (You found it on level 8 of the Lair of Beasts)

   [ring of protection]

   It affects your AC (+4).
   It affects your intelligence (+4).
   It makes you vulnerable to fire.
   It greatly protects you from negative energy.
   It lets you see invisible.
 j - an amulet of resist corrosion (around neck)
 Q - an uncursed ring of flight
 S - a ring of protection from fire (left hand)
Wands
 g - a wand of heal wounds (5)
 q - a wand of paralysis (14)
 r - a wand of fireball (9)
 F - a wand of digging (13)
 P - a wand of paralysis (10)
 V - a wand of fireball (9)
 Y - a wand of polymorph (11)
Scrolls
 a - 9 scrolls of blinking
 b - 9 scrolls of remove curse
 d - a scroll of teleportation
 y - 6 scrolls of fear
 E - a scroll of recharging
 I - 2 scrolls of fog
Potions
 l - 4 potions of resistance
 n - a potion of beneficial mutation
 o - 3 potions of curing
 p - a potion of might
 s - 3 potions of berserk rage
 u - 8 potions of flight
 C - 2 potions of agility
 D - a potion of ambrosia {unknown}
 G - 2 potions of lignification
 M - 3 potions of invisibility
 T - a potion of cancellation {unknown}
Miscellaneous
 t - a plain deck of wonders
 H - a phial of floods
 R - a sack of spiders
Comestibles
 f - 9 meat rations
 i - 10 beef jerkies
 v - a bread ration
 x - 3 fruits


   Skills:
 + Level 16.9(21.9) Fighting
 + Level 20.3(25.3) Axes
 - Level 0.2(18.8) Polearms
 + Level 15.1(20.1) Armour
 + Level 9.7(14.7) Dodging
 + Level 14.8(19.8) Shields
 - Level 0.4 Invocations
 + Level 0.6 Evocations


You had 7 spell levels left.
You knew the following spells:

 Your Spells              Type           Power        Failure   Level  Hunger
a - Cause Fear            Hex            #.........   100%        4    #####..
b - Stoneskin             Trmt/Erth      #.......     100%        2    ###....
c - Cure Poison           Pois           #.........   100%        2    ###....


Dungeon Overview and Level Annotations

Branches:
Dungeon (15/15)            Temple (1/1) D:4            Lair (8/8) D:9
  Swamp (4/4) Lair:4        Snake (0/4) Lair:4        Slime (0/6) Lair:6
    Orc (4/4) D:11         Vaults (0/5) D:14         Depths (0/5) D:15
    Elf: Orc:3-4

Altars:
Ashenzari
Cheibriados
Dithmenos
Elyvilon
Fedhas
Gozag
Kikubaaqudgha
Makhleb
Nemelex Xobeh
Okawaru
Qazlal
Ru
Sif Muna
Trog
Vehumet
Xom
Yredelemnul
Zin
The Shining One
Beogh
Jiyva

Shops:
D:14 (([   Orc:4 ([%(

Portals:
Hell: Lair:8
Trove: D:13 (show abyssal rune of Zot)

Annotations:
D:12 exclusion: ice statue


Innate Abilities, Weirdness & Mutations

You reflexively headbutt those who attack you in melee.
You have a pair of horns on your head.
Your mind is acute. (Int +2)
You can spit poison.


Message History

You block the spectral ogre's attack.
The spriggan druid is engulfed in spectral mist.
With its final breath, the spriggan druid offers up its power to the beasts of the wild!
The swamp dragon is healed.
The spectral snapping turtle seems to grow more fierce.
The spectral swamp drake seems to grow more fierce.
The swamp dragon seems to grow more fierce.
The spectral swamp drake seems to grow more fierce.
The spriggan druid dies!
The spectral giant leech bites you but does no damage.
The swamp dragon is engulfed in spectral mist.
You block the swamp dragon's attack. x2
The swamp dragon tramples you but does no damage.
You gain the combat prowess of a mighty hero.
You feel slightly more hungry.
You are engulfed in spectral mist.
The spectral ogre barely misses you. You furiously retaliate!
You headbutt the spectral ogre, but do no damage.
You block the spectral snapping turtle's attack.
The spectral giant leech bites you!
You die...

♣. ♣♣≈♣♣
♣♣≈≈.♣ ≈≈≈≈
♣.≈≈≈♣ ≈≈≈≈
♣≈§≈.♣♣ .≈≈≈
♣§§§§♣ ≈.≈≈
♣ZZ≈§♣ ≈.≈≈
♣≈D.♣♣ ≈♣
♣.@t§♣ ≈♣♣♣
♣≈Z§ZZ≈§.(≈
...≈
♣≈Z.i≈≈≈.§≈≈
≈≈≈.
♣♣§≈.≈≈≈≈§≈≈
≈≈≈≈
♣i≈≈≈≈≈§≈≈≈
...≈
♣♣≈.≈≈≈≈≈≈≈
≈≈..
...≈≈≈≈≈≈≈
≈≈..
♣♣.≈≈≈..≈≈
≈≈..


You could see a swamp dragon (frenzied), a ghost crab, 2 spectral giant leeches,
2 spectral swamp drakes, a spectral snapping turtle (frenzied), a spectral ogre
and 2 spriggans.

Vanquished Creatures
  Rupert (Lair:5)
  2 thorn hunters
  An orc warlord (Orc:4)
  Nessos (D:14)
  2 dire elephants (Lair:8)
  Snorg (D:13)
  8 vault guards (D:14)
  2 fire dragons (D:15)
  Josephine (Lair:7)
  14 hydras
  A ghost crab (Swamp:3)
  4 centaur warriors
  An ogre mage (D:15)
  The ghost of Tanksenior the Blocker, a novice HOFi of Yredelemnul (D:10)
  A tengu warrior (D:13)
  2 orc high priests (Orc:4)
  7 alligators
  A sun demon (Lair:8)
  Sonja (D:10)
  3 spriggans
  4 unseen horrors
  A fire crab (Lair:5)
  A swamp dragon (shapeshifter) (D:13)
  2 spriggan druids
  4 swamp dragons
  5 hill giants (D:15)
  2 shambling mangroves
  An orc knight (Orc:4)
  8 ugly things
  A griffon (Lair:8)
  A hornet (Swamp:2)
  3 orc sorcerers (Orc:4)
  A lindwurm (Lair:4)
  2 wizards
  A wolf spider (D:15)
  A manticore (D:14)
  16 elephants
  20 spiny frogs
  5 black mambas
  A sixfirhy (Lair:8)
  4 orange demons (Lair:8)
  A gargoyle (D:11)
  5 yaktaurs (D:15)
  3 tengu conjurers (D:13)
  4 fire drakes
  10 komodo dragons
  6 trolls
  A hellwing (Lair:8)
  The ghost of PossumBlood the Covered, an amateur MiFi (D:4)
  A red devil (Lair:8)
  4 polar bears
  4 two-headed ogres
  Grinder (D:5)
  3 blue devils (Lair:8)
  2 giant leeches
  8 bog bodies
  18 blink frogs
  24 slime creatures
  3 wyverns
  A queen bee (D:9)
  A boulder beetle (Lair:8)
  Sigmund (D:2)
  4 shadows
  4 centaur simulacra (D:15)
  7 wraiths
  2 water elementals (D:15)
  54 yaks
  11 vampire mosquitoes
  2 deep elf magi
  A tarantella (shapeshifter) (D:14)
  9 hippogriffs
  2 wargs
  3 basilisks
  2 hungry ghosts
  A steam dragon (D:10)
  15 insubstantial wisps
  3 wolves (Lair:8)
  2 mottled dragons
  A redback simulacrum (D:15)
  26 swamp worms
  9 porcupines
  9 ice beasts
  Duvessa (D:7)
  2 hell hounds (Lair:8)
  16 water moccasins
  Purgy (Sewer)
  33 orc warriors
  9 swamp drakes
  A black bear (D:7)
  7 sky beasts
  2 necrophages
  3 phantoms
  17 centaurs
  11 wasps
  14 ogres
  2 big kobolds
  19 crocodiles
  Blork the orc (D:5)
  19 giant frogs
  Dowan (D:7)
  29 killer bees
  2 water moccasin zombies
  6 scorpions
  2 water moccasin skeletons (D:8)
  9 wights
  3 electric eels
  6 crimson imps
  36 orc wizards
  4 centaur zombies
  23 orc priests
  2 giant frog zombies (D:9)
  7 centaur skeletons
  6 hounds
  4 jellies
  A giant frog skeleton (D:9)
  8 worker ants
  9 iguanas
  2 killer bee zombies
  28 sheep
  2 hound skeletons
  A worker ant zombie (D:8)
  4 gnolls (D:11)
  10 adders
  51 river rats
  5 shadow imps
  2 white imps (D:15)
  An ufetubus (D:15)
  An adder zombie (D:9)
  2 adder skeletons
  3 worms
  8 giant geckos
  167 orcs
  12 bats
  4 giant cockroaches
  6 goblins
  7 hobgoblins
  15 jackals
  25 kobolds
  3 ball pythons
  A giant gecko skeleton (D:4)
  7 giant newts
  A jackal skeleton (D:8)
  6 quokkas
  A quokka skeleton (D:4)
  15 rats
  5 briar patches (Swamp:1)
  9 fungi
  8 plants
1136 creatures vanquished.

Vanquished Creatures (collateral kills)
  A water moccasin (Lair:2)
  A fungus (Lair:2)
2 creatures vanquished.

Vanquished Creatures (others)
  Donald (Swamp:3)
  A spriggan druid (Swamp:4)
  Maurice (D:10)
  A spiny frog (Swamp:3)
  A spriggan (Swamp:4)
  A swamp worm (Swamp:1)
  4 fungi
  3 plants
  6 toadstools (Swamp:1)
19 creatures vanquished.

Grand Total: 1157 creatures vanquished

Notes
Turn   | Place    | Note
--------------------------------------------------------------
     0 | D:1      | PossumBlood the Minotaur Fighter began the quest for the Orb.
     0 | D:1      | Reached XP level 1. HP: 19/19 MP: 0/0
   113 | D:1      | Reached skill level 4 in Armour
   113 | D:1      | Reached XP level 2. HP: 27/27 MP: 1/1
   550 | D:2      | Reached XP level 3. HP: 33/33 MP: 2/2
   723 | D:2      | Noticed Sigmund
   745 | D:2      | Killed Sigmund
   745 | D:2      | Reached skill level 5 in Armour
   745 | D:2      | Reached skill level 1 in Dodging
   745 | D:2      | Reached XP level 4. HP: 25/41 MP: 3/3
   745 | D:2      | Reached XP level 5. HP: 28/47 MP: 4/4
   992 | D:2      | Reached skill level 5 in Fighting
  1421 | D:3      | Reached XP level 6. HP: 56/56 MP: 5/5
  1425 | D:3      | Reached skill level 5 in Shields
  1443 | D:3      | Found a glowing drain.
  1461 | Sewer    | Entered a sewer
  1489 | Sewer    | Noticed Purgy
  1505 | Sewer    | Killed Purgy
  2383 | D:4      | Noticed PossumBlood's ghost (amateur MiFi)
  2393 | D:4      | Killed PossumBlood's ghost
  2393 | D:4      | Reached skill level 5 in Axes
  2393 | D:4      | Reached skill level 6 in Shields
  2393 | D:4      | Reached XP level 7. HP: 57/62 MP: 6/6
  2972 | D:4      | Found a staircase to the Ecumenical Temple.
  2981 | Temple   | Entered the Ecumenical Temple
  2990 | Temple   | Became a worshipper of Warmaster Okawaru
  3278 | D:5      | Entered Level 5 of the Dungeon
  3489 | D:5      | Noticed Grinder
  3497 | D:5      | Paralysed by Grinder for 5 turns
  3506 | D:5      | Killed Grinder
  3667 | D:5      | Noticed Blork the orc
  3678 | D:5      | Killed Blork the orc
  3774 | D:5      | Reached XP level 8. HP: 70/70 MP: 7/7
  3865 | D:5      | Found a basalt altar of Yredelemnul.
  3866 | D:5      | Found a sparkling altar of Nemelex Xobeh.
  3866 | D:5      | Found a deep blue altar of Sif Muna.
  3867 | D:5      | Found a white marble altar of Elyvilon.
  3868 | D:5      | Found a blossoming altar of Fedhas.
  4146 | D:6      | Found a sacrificial altar of Ru.
  4183 | D:6      | Found a shimmering altar of Xom.
  4261 | D:6      | Reached skill level 7 in Armour
  4755 | D:6      | Identified a scroll of acquirement
  4802 | D:6      | Reached * piety under Okawaru
  5246 | D:7      | Noticed Duvessa
  5247 | D:7      | Noticed Dowan
  5252 | D:7      | Killed Duvessa
  5254 | D:7      | Killed Dowan
  5254 | D:7      | Reached skill level 8 in Armour
  5577 | D:7      | Reached XP level 9. HP: 59/79 MP: 6/8
  5769 | D:7      | Found a snail-covered altar of Cheibriados.
  6500 | D:8      | Got an ominously black robe
  6505 | D:8      | Identified the +2 robe "Olapopp" {MP+9 Int-3 Dex+7 Stlth+} (You found it on level 8 of the Dungeon)
  6581 | D:8      | Found a glowing silver altar of Zin.
  7238 | D:9      | Reached skill level 9 in Axes
  7531 | D:9      | Reached ** piety under Okawaru
  7549 | D:9      | Reached skill level 10 in Axes
  7632 | D:9      | Reached XP level 10. HP: 20/91 MP: 7/9
  7796 | D:9      | Reached *** piety under Okawaru
  7976 | D:9      | Paralysed by a big kobold for 3 turns
  7985 | D:9      | Reached skill level 5 in Dodging
  7992 | D:9      | Reached skill level 11 in Axes
  7992 | D:9      | Reached skill level 10 in Armour
  8879 | D:9      | Reached **** piety under Okawaru
  8879 | D:9      | Reached skill level 10 in Fighting
  9000 | D:9      | Reached skill level 12 in Axes
  9262 | D:9      | Reached XP level 11. HP: 94/101 MP: 10/10
  9597 | D:9      | Found a staircase to the Lair.
  9924 | Lair:1   | Entered Level 1 of the Lair of Beasts
 11499 | Lair:2   | Reached ***** piety under Okawaru
 12035 | Lair:2   | Reached skill level 13 in Axes
 12573 | Lair:2   | Received a gift from Okawaru
 14309 | Lair:4   | Reached XP level 12. HP: 93/112 MP: 11/11
 14388 | Lair:4   | Noticed a five-headed hydra
 14397 | Lair:4   | Killed a four-headed hydra
 14397 | Lair:4   | Reached skill level 14 in Axes
 15028 | Lair:4   | Found a staircase to the Snake Pit.
 15179 | Lair:4   | Found a staircase to the Swamp.
 15179 | Lair:4   | Noticed an eight-headed hydra
 15185 | Lair:4   | Killed a five-headed hydra
 15209 | Lair:4   | Reached ****** piety under Okawaru
 15402 | Lair:4   | Noticed a lindwurm
 15437 | Lair:4   | Killed a lindwurm
 15437 | Lair:4   | Received a gift from Okawaru
 15439 | Lair:4   | Got an encrusted chain mail {god gift}
 15440 | Lair:4   | Identified the +4 chain mail of Bargho {rElec Regen+ rCorr Dex-3} (Okawaru gifted it to you on level 4 of the Lair of Beasts)
 15682 | Lair:5   | Noticed Rupert
 16026 | Lair:5   | Reached skill level 15 in Axes
 16882 | Lair:5   | Paralysed by Rupert for 2 turns
 16887 | Lair:5   | Paralysed by Rupert for 7 turns
 16900 | Lair:5   | Killed Rupert
 16900 | Lair:5   | Reached XP level 13. HP: 98/122 MP: 12/12
 17286 | Lair:6   | Got a slimy ring mail
 17287 | Lair:6   | Identified the cursed +1 ring mail "Wuupum" {+Inv rPois} (You found it on level 6 of the Lair of Beasts)
 17337 | Lair:6   | Found a viscous altar of Jiyva.
 17337 | Lair:6   | Found a staircase to the Slime Pits.
 17481 | Lair:6   | Received a gift from Okawaru
 18116 | Lair:7   | Reached skill level 16 in Axes
 18174 | Lair:7   | Noticed Josephine
 18181 | Lair:7   | Killed Josephine
 18837 | Lair:8   | Entered Level 8 of the Lair of Beasts
 18978 | Lair:8   | Received a gift from Okawaru
 19087 | Lair:8   | Gained mutation: You can spit weak poison. [potion of beneficial mutation]
 19515 | Lair:8   | Found a burning altar of Makhleb.
 19529 | Lair:8   | Reached skill level 17 in Axes
 19549 | Lair:8   | Reached XP level 14. HP: 53/132 MP: 13/13
 19711 | Lair:8   | Found a gateway to Hell.
 19740 | Lair:8   | Noticed a dire elephant
 19747 | Lair:8   | Killed a dire elephant
 19794 | Lair:8   | Got a faintly glowing brass ring
 19830 | Lair:8   | Noticed a dire elephant
 19841 | Lair:8   | Killed a dire elephant
 20427 | D:10     | Entered Level 10 of the Dungeon
 20492 | D:10     | Noticed Maurice
 20508 | D:10     | Killed Maurice
 20543 | D:10     | Identified the ring "Naygoan" {rF- rN++ AC+4 Int+4 SInv} (You found it on level 8 of the Lair of Beasts)
 20634 | D:10     | Received a gift from Okawaru
 20798 | D:10     | Noticed Sonja
 20807 | D:10     | Killed Sonja
 20857 | D:10     | Noticed Tanksenior's ghost (novice HOFi)
 20878 | D:10     | Killed Tanksenior's ghost
 20878 | D:10     | Reached skill level 10 in Shields
 21339 | D:11     | Found a staircase to the Orcish Mines.
 21346 | D:11     | Found a roughly hewn altar of Beogh.
 21640 | D:12     | Learned a level 4 spell: Cause Fear
 21847 | D:12     | Received a gift from Okawaru
 21849 | D:12     | Got a crude broad axe {god gift}
 21850 | D:12     | Identified the +7 broad axe of the Sky {pain, +Rage Dex+3} (Okawaru gifted it to you on level 12 of the Dungeon)
 22126 | D:12     | Found a frozen archway.
 22476 | D:13     | Noticed Snorg
 22484 | D:13     | Killed Snorg
 22567 | D:13     | Reached skill level 18 in Axes
 22690 | D:13     | Received a gift from Okawaru
 22976 | D:13     | Found a portal to a secret trove of treasure.
 23061 | D:13     | Reached skill level 15 in Fighting
 23297 | D:14     | Noticed Nessos
 23359 | D:14     | Killed Nessos
 23496 | D:14     | Found a gate to the Vaults.
 23533 | D:14     | Reached XP level 15. HP: 141/141 MP: 14/14
 23678 | D:14     | Found Odwifuij's Weapon Shoppe.
 23784 | D:14     | Found Xarauvua's Weapon Boutique.
 23834 | D:14     | Found Wiypsuimid's Armour Shoppe.
 23845 | D:14     | Bought the +11 plate armour "Wuocil" {rElec rPois Dex-4 SInv} for 1564 gold pieces
 23862 | D:14     | Received a gift from Okawaru
 24238 | D:15     | Entered Level 15 of the Dungeon
 24428 | D:15     | Gained mutation: You can spit poison. [potion of mutation]
 24428 | D:15     | Gained mutation: Your mind is acute. (Int +2) [potion of mutation]
 24499 | D:15     | Found a staircase to the Depths.
 24730 | D:15     | Reached skill level 19 in Axes
 26074 | Orc:1    | Entered Level 1 of the Orcish Mines
 26337 | Orc:1    | Found a roughly hewn altar of Beogh.
 26848 | Orc:4    | Entered Level 4 of the Orcish Mines
 26887 | Orc:4    | Found a roughly hewn altar of Beogh.
 26901 | Orc:4    | Found Sadyteish's Food Boutique.
 27046 | Orc:4    | Found a roughly hewn altar of Beogh.
 27334 | Orc:4    | Found a roughly hewn altar of Beogh.
 27440 | Orc:4    | Received a gift from Okawaru
 27884 | Orc:4    | Found Bushrib's Antique Weapon Emporium.
 27885 | Orc:4    | Found a roughly hewn altar of Beogh.
 27887 | Orc:4    | Found Wuoxuvu's Antique Armour Shoppe.
 27949 | Orc:4    | Found a roughly hewn altar of Beogh.
 28052 | Orc:4    | Found a roughly hewn altar of Beogh.
 28066 | Orc:4    | Found Erunuu's Weapon Emporium.
 28739 | Swamp:1  | Entered Level 1 of the Swamp
 29106 | Swamp:1  | Noticed a thorn hunter
 29121 | Swamp:1  | Killed a thorn hunter
 29121 | Swamp:1  | Reached XP level 16. HP: 112/151 MP: 15/15
 30544 | Swamp:3  | Noticed Donald
 30565 | Swamp:3  | Killed Donald
 30567 | Swamp:3  | Reached skill level 20 in Axes
 31676 | Swamp:3  | Received a gift from Okawaru
 31812 | Swamp:3  | Learned a level 2 spell: Stoneskin
 31816 | Swamp:3  | Learned a level 2 spell: Cure Poison
 31962 | Swamp:3  | Reached skill level 15 in Armour
 32278 | Swamp:4  | Entered Level 4 of the Swamp
 33131 | Swamp:4  | Slain by a spectral giant leech

Action                   |  1- 3 |  4- 6 |  7- 9 | 10-12 | 13-15 | 16-18 || total
-------------------------+-------+-------+-------+-------+-------+-------++-------
Melee: War axe           |    80 |   140 |    45 |       |       |       ||   265
       Battleaxe         |       |       |   219 |   370 |       |       ||   589
       Broad axe         |       |       |       |   234 |  1370 |   505 ||  2109
       Trident           |       |       |       |       |    15 |    69 ||    84
Invok: Heroism           |       |       |     3 |     8 |     9 |     5 ||    25
       Finesse           |       |       |       |       |       |     2 ||     2
Evoke: Wand              |       |       |       |       |     9 |       ||     9
       Phial of floods   |       |       |       |       |       |     1 ||     1
  Use: Scroll            |     3 |     2 |    13 |    11 |    26 |     8 ||    63
       Potion            |       |     1 |     2 |    12 |    15 |     4 ||    34
 Stab: Paralysed         |       |       |       |       |     2 |       ||     2
       Confused          |       |       |       |       |       |     4 ||     4
  Eat: Bread ration      |       |     1 |       |       |     5 |     2 ||     8
       Meat ration       |       |       |     3 |     2 |     1 |     1 ||     7
       Fruit             |       |       |     4 |    12 |    14 |     2 ||    32
       Royal jelly       |       |       |       |     7 |       |       ||     7
       Pizza             |       |       |       |       |     3 |       ||     3
